AoeStats
← juankmolo

Lombardia

510015778Analyzed
2v2 RM · 3d ago on Sep 29, 2026· 58m 40s· 4 players
Game mode
Random Map
Map size
Medium (4 player)
Population
200
Speed
Normal
Resources
Standard
Victory
Conquest
Starting age
Dark Age
Ending age
Imperial Age
RankedLock teamsTeams togetherTeam positionsShared explorationLock speedFull tech treeHidden civsTurbo modeCheats
Victory
Defeat
🇬🇪 Italians · Georgia
1046
+14
🇨🇳 Saracens · China
977
+17
🇨🇴 Hindustanis · Colombia
1019
-16
🇨🇴 Franks · Colombia
996
-15
juankmolo
4:21 Loom
11:26 Feudal Age
11:59 Double-Bit Axe
18:33 Castle Age
17:48 Gold Mining
19:27 Wheelbarrow
18:52 Stone Mining
20:09 Husbandry
23:38 Man-at-Arms
24:03 Gambesons
26:33 Bow Saw
30:20 Hand Cart
29:51 Town Watch
32:38 Scale Barding Armor
32:44 Forging
37:30 Imperial Age
37:28 Chain Barding Armor
37:44 Iron Casting
37:32 Murder Holes
38:45 Cavalier
42:02 Blast Furnace
41:39 Plate Barding Armor
41:36 Town Patrol
43:15 Paladin
44:09 Elite Skirmisher
45:49 Scale Mail Armor
46:53 Fletching
47:04 Padded Archer Armor
48:12 Chivalry
49:08 Coinage
48:38 Caravan
danilocanase
7:18 Loom
9:05 Feudal Age
7:21 Loom
10:46 Double-Bit Axe
14:56 Horse Collar
21:27 Castle Age
19:41 Scale Barding Armor
19:46 Forging
20:10 Gold Mining
20:43 Bloodlines
22:41 Chain Barding Armor
23:08 Padded Archer Armor
23:46 Iron Casting
24:44 Fletching
24:47 Crossbowman
27:22 Bodkin Arrow
30:00 Padded Archer Armor
34:43 Imperial Age
32:58 Ballistics
34:17 Leather Archer Armor
33:59 Elite Skirmisher
34:44 Stone Mining
35:21 Husbandry
36:30 Blast Furnace
35:31 Scale Mail Armor
36:03 Ring Archer Armor
35:38 Bracer
36:48 Chemistry
36:36 Town Watch
39:01 Wheelbarrow
38:18 Heavy Camel Rider
38:59 Murder Holes
40:09 Plate Barding Armor
40:15 Chain Mail Armor
41:14 Ring Archer Armor
41:24 Conscription
42:11 Imperial Camel Rider
43:23 Ring Archer Armor
44:07 Hoardings
43:54 Elite Ghulam
44:40 Grand Trunk Road
48:46 Caravan
49:16 Coinage
49:53 Thumb Ring
dambo
0:35 Loom
11:01 Feudal Age
11:37 Double-Bit Axe
11:39 Town Watch
15:03 Horse Collar
24:17 Castle Age
22:25 Arson
24:20 Pikeman
24:55 Stone Mining
24:55 Gold Mining
25:30 Squires
26:23 Forging
26:14 Scale Mail Armor
26:05 Fletching
26:36 Treadmill Crane
27:41 Bow Saw
29:10 Wheelbarrow
33:13 Imperial Age
31:55 Heavy Plow
32:51 Thumb Ring
36:04 Conscription
37:17 Bodkin Arrow
38:00 Hand Cart
39:24 Ballistics
41:16 Stone Shaft Mining
41:06 Caravan
42:17 Silk Road
43:22 Chemistry
42:18 Murder Holes
42:35 Fortified Wall
44:55 Two-Man Saw
43:59 Elite Genoese Crossbowman
44:55 Padded Archer Armor
46:40 Bracer
46:56 Leather Archer Armor
47:45 Light Cavalry
48:36 Bloodlines
48:26 Husbandry
49:31 Hussar
55:25 Scale Barding Armor
57:29 Iron Casting
57:26 Ring Archer Armor
派大宝
11:55 Feudal Age
17:16 Castle Age
18:09 Double-Bit Axe
18:18 Loom
28:36 Horse Collar
32:20 Imperial Age
30:56 Wheelbarrow
30:34 Gold Mining
31:30 Forging
31:26 Scale Barding Armor
31:55 Bloodlines
32:49 Hand Cart
34:01 Town Watch
34:43 Conscription
35:01 Iron Casting
34:47 Chain Barding Armor
34:30 Husbandry
34:10 Elite Mameluke
35:42 Gold Shaft Mining
34:59 Stone Mining
36:46 Blast Furnace
35:53 Town Patrol
38:03 Bow Saw
37:54 Heavy Plow
40:37 Bimaristan
40:32 Light Cavalry
42:29 Two-Man Saw
43:03 Chemistry
41:54 Hussar
43:13 Plate Barding Armor
50:37 Ballistics
50:26 Siege Engineers
53:04 Fletching
Connection lost

Rejoining the realm…

Still unreachable

The connection could not be restored.

Session expired

The server has moved on; the page needs a fresh start.